 Dungeon Crawl Stone Soup version 0.32-a0-933-ga8fa3634e4 (webtiles) character file.

Game seed: 9656752592724240339

145 Autsider the Cleaver (level 5, -3/37 HPs)
             Began as a Gnoll Wanderer on Apr 14, 2024.
             Slain by a shadow imp (5 damage)
             ... on level 5 of the Dungeon.
             The game lasted 00:05:46 (2046 turns).

Autsider the Cleaver (Gnoll Wanderer)               Turns: 2046, Time: 00:05:47

Health: -3/37      AC:  4    Str: 14    XL:     5   Next: 27%
Magic:  16/16      EV: 10    Int: 12    God:
Gold:   14         SH:  0    Dex: 10    Spells: 21/22 levels left

rFire   . . .        a - +0 war axe
rCold   . . .        (no shield)
rNeg    . . .        e - +0 leather armour
rPois   .            (no helmet)
rElec   .            (no cloak)
rCorr   .            o - +0 pair of gloves
SInv    .            (no boots)
Will    .....        (no amulet)
Stlth   +            (no ring)
HPRegen 0.26/turn    (no ring)
MPRegen 0.15/turn

%: no passive effects
@: no status effects
A: fangs 1, strong nose, distributed training
a: no special abilities


You were on level 5 of the Dungeon.
You visited 1 branch of the dungeon, and saw 5 of its levels.

You collected 84 gold pieces.
You spent 70 gold pieces at shops.

Inventory:

Hand Weapons
 a - a +0 war axe (weapon)
 c - a +0 dagger
 r - a +0 heavy sling
Missiles
 b - 12 poisoned darts (quivered)
 f - 2 throwing nets
Armour
 e - a +0 leather armour (worn)
 o - a +0 pair of gloves (worn)
Scrolls
 h - a scroll of amnesia
 i - a scroll of identify {@r1}
 k - 2 scrolls of blinking
 l - a scroll of enchant armour {unknown}
 m - a scroll of poison {unknown}
 p - a scroll of silence {unknown}
Potions
 d - 4 potions of might
 g - a potion of haste
 j - 2 potions of enlightenment
 n - a potion of ambrosia
 q - a potion of mutation


   Skills:
 + Level 1.5 Fighting
 + Level 1.5 Short Blades
 + Level 1.5 Long Blades
 + Level 10.5 Axes
 + Level 1.5 Maces & Flails
 + Level 1.5 Polearms
 + Level 1.5 Staves
 + Level 1.5 Ranged Weapons
 + Level 3.0 Throwing
 + Level 1.5 Armour
 + Level 1.5 Dodging
 + Level 1.5 Stealth
 + Level 1.5 Shields
 + Level 1.5 Unarmed Combat
 + Level 9.4 Spellcasting
 + Level 1.2 Conjurations
 + Level 1.2 Hexes
 + Level 1.2 Summonings
 + Level 1.2 Necromancy
 + Level 1.2 Translocations
 + Level 1.2 Fire Magic
 + Level 1.2 Ice Magic
 + Level 1.2 Air Magic
 + Level 1.2 Earth Magic
 + Level 1.2 Alchemy
 + Level 1.7 Invocations
 + Level 1.5 Evocations
 + Level 1.3 Shapeshifting


You had 21 spell levels left.
You knew the following spells:

 Your Spells              Type           Power      Damage    Failure   Level
a - Kiss of Death         Conj/Necr      32%        2d7       10%         1

Your spell library contained the following spells:

 Spells                   Type           Power      Damage    Failure   Level
 Slow                     Hex            32%        N/A       10%         1
 Lesser Beckoning         Tloc           16%        N/A       14%         2
 Confusing Touch          Hex            8%         N/A       28%         3
 Maxwell's Portable Pile  Tloc           8%         2d(6-16)  28%         3
 Teleport Other           Tloc           8%         N/A       28%         3
 Vampiric Draining        Necr           8%         2d6       28%         3


Dungeon Overview and Level Annotations

Branches:
Dungeon (4/15)
 Temple: D:4-7

Altars:

Shops:
D:3 [!(**


Innate Abilities, Weirdness & Mutations

You have very sharp teeth.
Your uncanny sense of smell can sniff out nearby items.
Your experience applies equally to all skills.


Message History

The bombardier beetle bites you.
You slash the bombardier beetle!
The bombardier beetle is almost dead.
You slash the bombardier beetle!
You kill the bombardier beetle!
Your life force feels restored.
Your Throwing skill increases to level 3!
You have reached level 5!
HP restored.
A malevolent force fills the Dungeon...
You fall into a shaft and drop 1 floor!
The shaft crumbles and collapses.
A shadow imp comes into view.
The shadow imp shouts!
You hear a shout!
A centaur comes into view.
The shadow imp spits at you.
The centaur wields a +0 orcbow.
The centaur shoots an arrow.
The arrow barely misses you.
The centaur shoots an arrow.
The arrow barely misses you.
Casting: Kiss of Death (safe; 10% risk of failure)
Confirm with . or Enter, or press ? or * to list all spells.
You can't see any susceptible monsters within range! (Use Z to cast anyway.)
The centaur shoots an arrow.
The arrow hits you!
* * * LOW HITPOINT WARNING * * *
The centaur shoots an arrow.
The arrow hits you!
* * * LOW HITPOINT WARNING * * *
Casting: Kiss of Death (safe; 10% risk of failure)
Confirm with . or Enter, or press ? or * to list all spells.
You can't see any susceptible monsters within range! (Use Z to cast anyway.)
The centaur shoots an arrow.
The arrow hits you!
* * * LOW HITPOINT WARNING * * *
You slash the shadow imp! Your bite misses the shadow imp.
The shadow imp is severely wounded.
Casting: Kiss of Death (safe; 10% risk of failure)
Confirm with . or Enter, or press ? or * to list all spells.
You can't see any susceptible monsters within range! (Use Z to cast anyway.)
You closely miss the shadow imp.
The shadow imp is severely wounded.
The shadow imp hits you.
You die...

.................#
..................
##................
..................
..................
................#
................#.
..................
.........@#......P
.........5#.......
....#.....c......P
... #.............
.. #.............
. #.............
...............
...............
#..............


You could see a centaur and a shadow imp.

Vanquished Creatures
  A bombardier beetle (D:4)
  An iguana (D:3)
  A gnoll (D:1)
  An adder (D:2)
  A dart slug (D:1)
  3 ribbon worms
  5 ball pythons
  4 endoplasms
  A giant cockroach (D:2)
  6 hobgoblins
  5 jackals (D:1)
  5 quokkas
  5 bats
  A frilled lizard (D:1)
  5 goblins
  4 kobolds
  5 rats
54 creatures vanquished.

Notes
Turn   | Place    | Note
-------+----------+-------------------------------------------
     0 | D:1      | Reached skill level 10 in Axes
     0 | D:1      | Autsider the Gnoll Wanderer began the quest for the Orb.
     0 | D:1      | Autsider set off with the following items: a +0 war axe, 8
                  | poisoned darts, a +0 dagger, a potion of might, a +0
                  | leather armour; and the following spell memorised: Kiss of
                  | Death; and the following spells available to memorise:
                  | Vampiric Draining.
     0 | D:1      | Reached XP level 1. HP: 13/13 MP: 10/10
    58 | D:1      | Reached XP level 2. HP: 18/19 MP: 12/12
   185 | D:1      | HP: 1/20 [quokka (3)]
   359 | D:1      | Reached XP level 3. HP: 10/19 MP: 13/13
   405 | D:1      | Reached skill level 1 in Invocations
   822 | D:2      | Reached skill level 1 in Fighting
   822 | D:2      | Reached skill level 1 in Short Blades
   822 | D:2      | Reached skill level 1 in Long Blades
   822 | D:2      | Reached skill level 1 in Maces & Flails
   822 | D:2      | Reached skill level 1 in Polearms
   822 | D:2      | Reached skill level 1 in Staves
   822 | D:2      | Reached skill level 1 in Ranged Weapons
   822 | D:2      | Reached skill level 1 in Armour
   822 | D:2      | Reached skill level 1 in Dodging
   822 | D:2      | Reached skill level 1 in Stealth
   822 | D:2      | Reached skill level 1 in Shields
   822 | D:2      | Reached skill level 1 in Unarmed Combat
   822 | D:2      | Reached skill level 1 in Evocations
  1028 | D:2      | Reached skill level 1 in Shapeshifting
  1028 | D:2      | Reached XP level 4. HP: 26/30 MP: 15/15
  1181 | D:3      | Found Umauxina's Antique Armour Boutique.
  1350 | D:3      | Found Oriforal's Antique Weapon Boutique.
  1526 | D:3      | Found Peraig's General Store.
  1534 | D:3      | Bought a scroll of identify for 26 gold pieces
  1599 | D:3      | Found Syisiuq's Assorted Antiques.
  1607 | D:3      | Bought a scroll of identify for 44 gold pieces
  1618 | D:3      | Reached skill level 1 in Conjurations
  1618 | D:3      | Reached skill level 1 in Hexes
  1618 | D:3      | Reached skill level 1 in Summonings
  1618 | D:3      | Reached skill level 1 in Necromancy
  1618 | D:3      | Reached skill level 1 in Translocations
  1618 | D:3      | Reached skill level 1 in Fire Magic
  1618 | D:3      | Reached skill level 1 in Ice Magic
  1618 | D:3      | Reached skill level 1 in Air Magic
  1618 | D:3      | Reached skill level 1 in Earth Magic
  1618 | D:3      | Reached skill level 1 in Alchemy
  1733 | D:3      | Found Miborythre's Distillery.
  2004 | D:4      | Reached XP level 5. HP: 31/37 MP: 16/16
  2034 | D:4      | You fall into a shaft and drop 1 floor!
  2034 | D:5      | Entered Level 5 of the Dungeon
  2037 | D:5      | Noticed a centaur
  2044 | D:5      | HP: 1/37 [centaur/arrow (13)]
  2046 | D:5      | Slain by a shadow imp

Illustrated notes

Levels and vault maps discovered:
D:1:      dpeg_arrival_rooms_with_view, layout_basic,
          nicolae_houndstooth_variations
D:2:      layout_basic
D:3:      layout_loops_ring, serial_shops, nicolae_shop_tiny_real_fake_doors,
          shop, nicolae_shop_pleasant_corner_grove, shop, shop
D:4:      layout_cave_pools, minitemple, serial_demonic, serial_demonic_f,
          serial_demonic_c, serial_demonic_c, serial_demonic_b,
          serial_demonic_g, serial_demonic_e, serial_demonic_c
D:5:      layout_basic, zin_academy, minmay_temple_entry_oklob,
          uniq_prince_ribbit1

Skill      XL: |  1  2  3  4 |
---------------+-------------+-----
Axes           | | 10.5
Spellcasting   | |  9.4
Invocations    | 1 |  1.7
Fighting       | 1 |  1.5
Short Blades   | 1 |  1.5
Long Blades    | 1 |  1.5
Maces & Flails | 1 |  1.5
Polearms       | 1 |  1.5
Staves         | 1 |  1.5
Ranged Weapons | 1 |  1.5
Armour         | 1 |  1.5
Dodging        | 1 |  1.5
Stealth        | 1 |  1.5
Shields        | 1 |  1.5
Unarmed Combat | 1 |  1.5
Evocations     | 1 |  1.5
Shapeshifting  | 1 |  1.3
Conjurations   | 1 |  1.2
Hexes          | 1 |  1.2
Summonings     | 1 |  1.2
Necromancy     | 1 |  1.2
Translocations | 1 |  1.2
Fire Magic     | 1 |  1.2
Ice Magic      | 1 |  1.2
Air Magic      | 1 |  1.2
Earth Magic    | 1 |  1.2
Alchemy        | 1 |  1.2
Throwing       | 3 |  3.0

Action                     |  1- 3 |  4- 6 || total
---------------------------+-------+-------++-------
  Melee: War axe           |    85 |    40 ||   125
         Bite              |     9 |     2 ||    11
   Fire: Sling             |       |    11 ||    11
   Cast: Kiss of Death     |     2 |     1 ||     3
    Use: Scroll            |       |     6 ||     6
   Stab: Sleeping          |     1 |       ||     1
 Armour: Leather armour    |    60 |    33 ||    93
  Dodge: Dodged            |    57 |    24 ||    81

Table legend: (Time is in decaauts)
 A = Elapsed time spent in this place.
 B = Non-inter-level travel time spent in this place.
 C = Inter-level travel time spent in this place.
 D = Time resting spent in this place.
 E = Time spent auto-exploring this place.
 F = Levels seen in this place.
 G = Mean time per level.
                   A        B        C        D        E       F      G
               +--------+--------+--------+--------+--------+-----+--------+
         Total |   2056 |   1933 |    123 |    163 |   1391 |   5 |  411.2 |
       Dungeon |   2056 |   1933 |    123 |    163 |   1391 |   5 |  411.2 |
               +--------+--------+--------+--------+--------+-----+--------+

Top non-repeatable levels by time:
     D:3: 826 daAuts
     D:1: 797 daAuts
     D:2: 373 daAuts
     D:4: 48 daAuts
     D:5: 11 daAuts
